 Dungeon Crawl Stone Soup version 0.28-a0-479-g5baa6b73be (webtiles) character file.

Game seed: 11877386652412206288

71472 avis the Fighter (level 15, 0/143 HPs)
             Began as an Octopode Transmuter on Sept 18, 2021.
             Was an Initiate of Gozag.
             Shot with a sling bullet by a satyr (27 damage)
             ... on level 1 of the Shoals on Sept 19, 2021.
             The game lasted 03:18:58 (31765 turns).

avis the Fighter (Octopode Transmuter)             Turns: 31765, Time: 03:18:58

Health: 0/143      AC: 29    Str: 13    XL:     15   Next: 36%
Magic:  36/44      EV: 17    Int: 19    God:    Gozag
Gold:   6006       SH: 13    Dex: 12    Spells: 8/29 levels left

rFire   . . .      SeeInvis +   a - staff of earth
rCold   . . .      Faith    .   t - +3 warlock's mirror {reflect}
rNeg    + + .      Spirit   .   c - +2 hat {SInv}
rPois   ∞          Reflect  +   H - amulet of reflection
rElec   +          Harm     .   q - +4 ring of slaying
rCorr   +          Rampage  .   k - +4 ring of evasion
Will    .....                   o - ring of magical power
Stlth   ++........              x - ring of flight
HPRegen 0.33/turn               E - ring of fire
MPRegen 0.29/turn               S - ring of ice
                                V - ring of Geptaurro {rN+ rCorr MP+9}
                                I - ring of poison resistance

@: lit by a corona, statue-form, weak-willed, gold aura, flying, mesmerised,
glowing, very slow
A: slow and powerful, torment resistance 1, boosted hp, almost no armour,
amphibious, 8 rings, camouflage 1, (gelatinous body 1), (nimble swimmer 1),
tentacles
a: End Transformation, Renounce Religion, Potion Petition, Call Merchant, Bribe
Branch


You were on level 1 of the Shoals.
You worshipped Gozag.
Gozag was greatly pleased with you.
You were a living statue of rough stone.
You visited 4 branches of the dungeon, and saw 18 of its levels.
You also visited: Ice Cave.

You collected 6435 gold pieces.
You spent 370 gold pieces at shops.
You paid 59 gold pieces to Gozag.

Inventory:

Hand Weapons
 b - a +3 hand crossbow of freezing
Missiles
 l - 109 bolts
 F - 5 throwing nets (quivered)
Armour
 c - a +2 hat of see invisible (worn)
 t - the +3 warlock's mirror (worn) {reflect}
   (You acquired it on level 9 of the Dungeon)

   It can block and reflect piercing ranged attacks and magical attacks against
   the wielder's willpower.
Magical Staves
 a - a staff of earth (weapon)
Jewellery
 k - a +4 ring of evasion (right tentacle)
 o - a ring of magical power (on tentacle)
 q - a +4 ring of slaying (left tentacle)
 x - a ring of flight (on tentacle)
 E - a ring of fire (on tentacle)
 H - an amulet of reflection (around mantle)
 I - a ring of poison resistance (on tentacle)
 S - a ring of ice (on tentacle)
 V - the ring of Geptaurro (on tentacle) {rN+ rCorr MP+9}
   (You found it in an ice cave)

   [ring of positive energy]

   rN:        It protects you from negative energy.
   MP:        It affects your magic capacity (+9).
   rCorr:     It protects you from acid and corrosion.
Wands
 d - a wand of iceblast (28)
 f - a wand of acid (11)
 i - a wand of flame (51)
 p - a wand of digging (12)
 u - a wand of mindburst (36)
Scrolls
 e - a scroll of holy word
 g - a scroll of fog
 r - 4 scrolls of teleportation
 w - 2 scrolls of magic mapping
 C - 6 scrolls of fear
 Q - 2 scrolls of blinking
Potions
 h - a potion of ambrosia
 j - 2 potions of lignification
 m - 5 potions of curing
 z - 5 potions of might
 A - a potion of cancellation
 D - a potion of heal wounds
 G - 4 potions of resistance
 N - 2 potions of brilliance
 R - a potion of invisibility
Miscellaneous
 s - a piece from Xom's chessboard (15/15)
 T - a phial of floods
 W - a condenser vane


   Skills:
 - Level 13.0 Fighting
 - Level 5.0 Dodging
 - Level 5.0 Stealth
 - Level 4.0 Shields
 - Level 13.0 Unarmed Combat
 + Level 7.7 Spellcasting
 - Level 2.0 Conjurations
 * Level 12.8 Transmutations
 - Level 4.0 Ice Magic
 - Level 2.0 Air Magic
 - Level 8.0 Earth Magic
 - Level 6.0 Poison Magic


You had 8 spell levels left.
You knew the following spells:

 Your Spells              Type           Power      Damage    Failure   Level
b - Wereblood             Tmut           54%        N/A       1%          2
i - Ignite Poison         Fire/Tmut/Pois 46%        N/A       2%          3
m - Mephitic Cloud        Conj/Pois/Air  19%        N/A       7%          3
p - Spider Form           Tmut/Pois      21%        N/A       1%          3
q - Ice Form              Ice/Tmut       56%        N/A       3%          4
S - Statue Form           Tmut/Erth      42%        N/A       21%         6

Your spell library contained the following spells:

 Spells                   Type           Power      Damage    Failure   Level
 Beastly Appendage        Tmut           100%       N/A       1%          1
 Sting                    Tmut/Pois      100%       1d8       1%          1
 Petrify                  Tmut/Erth      63%        N/A       1%          4
 Poisonous Vapours        Pois/Air       44%        N/A       2%          2
 Olgreb's Toxic Radiance  Pois           30%        N/A       8%          4
 Summon Small Mammal      Summ           28%        N/A       10%         1
 Slow                     Hex            7%         N/A       14%         2
 Dazzling Flash           Conj/Hex       22%        N/A       19%         3
 Yara's Violent Unravell  Hex/Tmut       15%        3d8       19%         5
 Call Canine Familiar     Summ           7%         N/A       28%         3
 Confusing Touch          Hex            7%         N/A       28%         3
 Summon Guardian Golem    Hex/Summ       7%         N/A       28%         3
 Iskenderun's Mystic Bla  Conj/Tloc      11%        2d4       52%         4
 Freezing Cloud           Conj/Ice/Air   13%        6-21      65%         5
 Iskenderun's Battlesphe  Conj           14%        2d7       75%         5
 Metabolic Englaciation   Hex/Ice        11%        N/A       75%         5
 Fireball                 Conj/Fire      8%         3d6       86%         5
 Conjure Ball Lightning   Conj/Air       7%         3x3d6     99%         6
 Starburst                Conj/Fire      8%         6d4       100%        6
 Orb of Destruction       Conj           7%         9d3       100%        7


Dungeon Overview and Level Annotations

Branches:
Dungeon (10/15)            Temple (1/1) D:4            Lair (6/6) D:8
 Shoals (1/4) Lair:2       Spider (0/4) Lair:2        Slime (0/5) Lair:5
  IceCv (visited)
    Orc: D:9-12

Altars:
Ashenzari
Cheibriados
Dithmenos
Elyvilon
Fedhas
Gozag
Hepliaklqana
Kikubaaqudgha
Makhleb
Nemelex Xobeh
Okawaru
Qazlal
Ru
Sif Muna
Trog
Uskayaw
Vehumet
Wu Jian
Xom
Yredelemnul
Zin
The Shining One
Jiyva

Shops:
D:7 *


Innate Abilities, Weirdness & Mutations

You are a living statue of rough stone.
Your actions are slow, but your melee attacks are powerful.
You are resistant to unholy torment.
Your maximum health is greatly increased.
You are immune to poison.
You cannot wear most types of armour.
You are amphibious.
You can wear up to eight rings at the same time.
Your skin changes colour to match your surroundings (Stealth+).
((Your rubbery body absorbs attacks. (AC +1, EV +1)))
((You are camouflaged near water. (Stealth+)))
You have tentacles for arms and can constrict up to eight enemies at once.


Message History

The merfolk siren chants its luring song.
The satyr shoots a sling bullet.
The sling bullet hits you!!
* * * LOW HITPOINT WARNING * * *
The faun shoots a stone.
The stone hits you but does no damage.
The faun is distracted by your dazzling golden aura.
The faun shouts!
You feel much better.
The merfolk siren chants its luring song.
The faun casts a spell at you.
Your +3 warlock's mirror {reflect} reflects the Strip Willpower!
The faun's willpower is stripped away.
The merfolk siren chants its luring song.
You hit the satyr! Your grab misses the satyr. You tentacle-slap the satyr!
You squeeze the satyr!
The satyr is severely wounded.
The satyr shoots a sling bullet.
The sling bullet hits you!!
* * * LOW HITPOINT WARNING * * *
The faun shoots a stone.
You reflect the stone off your +3 warlock's mirror {reflect}!
The stone barely misses the faun.
You block the wind drake's attack.
The merfolk siren chants its luring song.
The satyr shoots a sling bullet.
You reflect the sling bullet off your +3 warlock's mirror {reflect}!
The sling bullet barely misses the satyr.
The faun points at you and mumbles some strange words.
Your willpower is stripped away!
The wind drake bites you but does no damage.
The merfolk siren chants its luring song.
You feel much better.
The faun is no longer distracted by gold.
The satyr shoots a sling bullet.
The sling bullet hits you!
* * * LOW HITPOINT WARNING * * *
You block the wind drake's attack.
The faun shoots a stone.
You reflect the stone off your +3 warlock's mirror {reflect}!
The stone hits the faun!
The faun is distracted by your dazzling golden aura.
The merfolk siren chants its luring song.
The satyr shoots a sling bullet.
The sling bullet hits you!!
You die...
Your body crumbles into a pile of gold.

≈≈≈≈≈≈≈≈≈≈≈≈≈≈≈≈≈≈≈≈≈≈≈≈≈
≈≈≈≈≈≈≈≈≈≈≈≈≈≈≈≈≈≈≈≈≈≈≈≈≈
≈≈≈≈≈≈≈≈≈≈≈≈≈≈≈≈≈≈≈≈≈≈≈≈≈
≈≈≈≈≈≈≈≈≈≈≈≈≈≈≈≈≈≈≈≈≈≈≈≈≈
≈≈≈≈≈≈≈≈≈≈≈≈≈≈≈≈≈≈≈≈≈≈≈≈≈
≈≈≈≈≈≈≈≈≈≈≈≈≈≈≈≈≈≈≈≈≈≈≈≈≈
≈≈≈≈≈≈≈≈≈≈≈≈≈≈≈≈≈≈$≈≈≈≈≈≈
≈≈≈####.......≈≈.≈≈≈≈≈.≈≈
≈≈## #...####...8k≈≈≈≈≈≈≈
≈## ....## ##...c≈≈≈≈≈≈≈
≈# #..## ##.cc≈≈≈≈≈≈≈
##..≈≈≈≈≈≈≈ #.m≈≈≈≈≈≈≈
#...≈≈≈≈≈≈ #...≈≈≈≈≈
#.....≈≈≈


You could see a satyr, a wind drake (repels missiles), 2 fauns and a merfolk
siren (mesmerising).

Vanquished Creatures
  Gastronok (Lair:3)
  Harold (D:7)
  4 boulder beetles
  6 hydras
  4 catoblepae (Lair:6)
  2 two-headed ogres
  9 death yaks
  The ghost of Dittersdorf the Protected, a novice GrFi of Okawaru (D:9)
  A skeletal warrior (D:9)
  Pikel (D:3)
  A necromancer (IceCv)
  3 manticores
  An ugly thing (IceCv)
  18 elephants
  4 black mambas
  A black mamba (shapeshifter) (D:8)
  An ice statue (IceCv)
  9 cane toads
  8 komodo dragons
  3 torpor snails
  4 anaconda simulacra (IceCv)
  2 rime drakes (Lair:2)
  5 freezing wraiths (IceCv)
  11 ice devils (IceCv)
  5 polar bears
  A troll (D:7)
  16 blink frogs
  Prince Ribbit (D:9)
  A slime creature (D:8)
  A wind drake (Lair:2)
  Grinder (D:4)
  A snapping turtle (Shoals:1)
  2 wraiths (D:8)
  Sigmund (D:2)
  A dire elephant simulacrum (IceCv)
  A wyvern (D:8)
  88 yaks
  5 basilisks
  Eustachio (D:4)
  A vampire mosquito (D:8)
  6 steam dragons
  5 death yak simulacra (IceCv)
  Menkaure (D:7)
  A harpy simulacrum (IceCv)
  2 acid dragons
  13 water moccasins
  3 black bears
  3 sky beasts
  3 orc warriors
  A necrophage (D:6)
  14 wolves
  4 ogres
  8 centaurs
  A phantom (D:4)
  2 gnoll sergeants (D:9)
  19 bullfrogs
  5 scorpions
  3 kobold brigands
  A water moccasin zombie (D:6)
  3 two-headed ogre simulacra (IceCv)
  3 cane toad simulacra (IceCv)
  A water moccasin skeleton (D:5)
  7 killer bees
  3 elephant simulacra (IceCv)
  3 howler monkeys (D:9)
  11 wights
  8 electric eels (D:10)
  4 centaur zombies
  A jelly (D:5)
  5 orc priests
  A hound (D:4)
  2 bullfrog skeletons (D:6)
  A gnoll shaman (D:6)
  3 iguanas
  Natasha (thrice) (D:2)
  6 orc wizards
  A spriggan simulacrum (IceCv)
  3 hell rats (Lair:5)
  A troll simulacrum (IceCv)
  4 polar bear simulacra (IceCv)
  5 wolf simulacra (IceCv)
  A hound skeleton (D:5)
  5 adders
  11 gnolls
  A naga simulacrum (IceCv)
  8 river rats (Lair:5)
  12 white imps (Lair:3)
  2 worms (Lair:2)
  18 orcs
  6 ball pythons
  8 endoplasms
  8 giant cockroaches
  6 goblins
  10 hobgoblins
  6 jackals
  6 quokkas
  4 bats
  5 frilled lizards
  17 kobolds
  6 rats
542 creatures vanquished.

Vanquished Creatures (others)
  41 fungi
  56 plants
97 creatures vanquished.

Grand Total: 639 creatures vanquished

Notes
Turn   | Place    | Note
-------+----------+-------------------------------------------
     0 | D:1      | avis the Octopode Transmuter began the quest for the Orb.
     0 | D:1      | Reached XP level 1. HP: 13/13 MP: 3/3
   439 | D:1      | Reached XP level 2. HP: 14/19 MP: 3/5
  1451 | D:1      | Reached XP level 3. HP: 22/24 MP: 4/6
  1457 | D:1      | Learned a level 3 spell: Spider Form
  1737 | D:2      | Noticed Natasha
  1758 | D:2      | Killed Natasha
  1881 | D:2      | Reached XP level 4. HP: 29/29 MP: 3/7
  1968 | D:2      | Noticed Sigmund
  1981 | D:2      | Killed Sigmund
  1982 | D:2      | Reached XP level 5. HP: 5/36 MP: 5/8
  2131 | D:2      | Noticed Natasha
  2278 | D:2      | Killed Natasha
  2279 | D:2      | Reached XP level 6. HP: 41/42 MP: 7/9
  2472 | D:2      | Noticed Natasha
  2510 | D:2      | Killed Natasha
  3833 | D:3      | Learned a level 4 spell: Ice Form
  3881 | D:3      | Found a faded altar of an unknown god.
  3897 | D:3      | Reached XP level 7. HP: 48/48 MP: 7/10
  3968 | D:3      | Found a faded altar of an unknown god.
  3968 | D:3      | Found a basalt altar of Yredelemnul.
  3974 | D:3      | Found an iron altar of Okawaru.
  3977 | D:3      | Found a hide-covered altar of Uskayaw.
  3979 | D:3      | Found a radiant altar of Vehumet.
  4232 | D:3      | Learned a level 2 spell: Wereblood
  4330 | D:4      | Reached skill level 5 in Unarmed Combat
  4602 | D:4      | Noticed Grinder
  4603 | D:4      | Paralysed by Grinder for 4 turns
  4618 | D:4      | Killed Grinder
  4619 | D:4      | Reached skill level 5 in Fighting
  4786 | D:4      | Reached XP level 8. HP: 33/55 MP: 9/12
  4935 | D:4      | Noticed Eustachio
  4970 | D:4      | Killed Eustachio
  4971 | D:4      | Reached skill level 1 in Ice Magic
  5001 | D:4      | Noticed Pikel
  5019 | D:3      | Killed Pikel
  5020 | D:3      | Reached skill level 5 in Transmutations
  5460 | D:4      | Found a hazy altar of Hepliaklqana.
  5552 | D:4      | Found a staircase to the Ecumenical Temple.
  5568 | Temple   | Entered the Ecumenical Temple
  5639 | Temple   | Became a worshipper of Gozag Ym Sagoz the Greedy
  5768 | D:5      | Entered Level 5 of the Dungeon
  5786 | D:5      | Reached XP level 9. HP: 31/62 MP: 11/13
  6421 | D:5      | HP: 2/62 [ogre (37)]
  7794 | D:6      | Reached skill level 5 in Dodging
  7892 | D:6      | Reached skill level 1 in Shields
  8266 | D:7      | Noticed Harold
  8310 | D:7      | Killed Harold
  8311 | D:7      | Reached XP level 10. HP: 26/71 MP: 16/16
  8549 | D:7      | Found a white marble altar of Elyvilon.
  8746 | D:7      | Noticed Menkaure
  8888 | D:7      | Killed Menkaure
  9267 | D:7      | Found Sybbai's Assorted Antiques.
  9281 | D:7      | Bought a potion of heal wounds for 170 gold pieces
  9281 | D:7      | Bought a yellow potion for 30 gold pieces
  9281 | D:7      | Bought a blackened cabochon amulet for 170 gold pieces
 10435 | D:8      | Learned a level 3 spell: Mephitic Cloud
 10439 | D:8      | Learned a level 3 spell: Ignite Poison
 10975 | D:8      | Found a shimmering altar of Xom.
 11006 | D:8      | Found a sacrificial altar of Ru.
 11054 | D:8      | Reached skill level 5 in Poison Magic
 11213 | D:8      | Reached XP level 11. HP: 50/80 MP: 1/18
 11216 | D:8      | Reached skill level 5 in Spellcasting
 11514 | D:8      | Identified the +2 long sword of Causk {antimagic, *Corrode
                  | rN+ Int+4 Dex+4}
 11516 | D:8      | Identified the +0 longbow of Sloth {freeze, rF+ rC+ Str+4}
 12029 | D:8      | Found a staircase to the Lair.
 12121 | Lair:1   | Entered Level 1 of the Lair of Beasts
 12243 | Lair:1   | Reached skill level 1 in Conjurations
 12243 | Lair:1   | Reached skill level 1 in Air Magic
 12250 | Lair:1   | Reached skill level 5 in Stealth
 12618 | Lair:1   | Reached skill level 10 in Fighting
 13140 | Lair:1   | Reached skill level 10 in Unarmed Combat
 14469 | Lair:2   | Noticed a manticore
 14469 | Lair:2   | Found a staircase to the Shoals.
 14486 | Lair:2   | Killed a manticore
 14780 | Lair:2   | Reached XP level 12. HP: 85/87 MP: 21/21
 15230 | Lair:2   | Noticed a seven-headed hydra
 15241 | Lair:2   | Killed a seven-headed hydra
 15925 | Lair:2   | Noticed a boulder beetle
 15926 | Lair:2   | Found a hole to the Spider Nest.
 15949 | Lair:2   | Killed a boulder beetle
 16673 | Lair:2   | Learned a level 6 spell: Statue Form
 16800 | Lair:3   | Noticed a four-headed hydra
 16809 | Lair:3   | Killed a four-headed hydra
 16835 | Lair:3   | Noticed a death yak
 16835 | Lair:3   | Noticed a death yak
 16835 | Lair:3   | Noticed a death yak
 16835 | Lair:3   | Noticed a death yak
 16847 | Lair:2   | Killed a death yak
 16857 | Lair:2   | Killed a death yak
 17084 | Lair:3   | Noticed a five-headed hydra
 17090 | Lair:3   | Killed a five-headed hydra
 17210 | Lair:3   | Reached XP level 13. HP: 97/97 MP: 22/22
 17232 | Lair:3   | Found a frozen archway.
 17293 | IceCv    | Entered an ice cave
 18479 | IceCv    | Found an ancient bone altar of Kikubaaqudgha.
 19637 | IceCv    | Identified the ring of Geptaurro {rN+ rCorr MP+9}
 20808 | Lair:3   | Noticed Gastronok
 21000 | Lair:3   | Killed Gastronok
 21927 | Lair:4   | Reached skill level 1 in Earth Magic
 21955 | Lair:4   | Reached XP level 14. HP: 12/106 MP: 23/23
 22632 | Lair:4   | Found a transporter.
 22636 | Lair:4   | Found a transporter.
 23058 | Lair:4   | Reached skill level 5 in Earth Magic
 23483 | Lair:5   | Found a viscous altar of Jiyva.
 23483 | Lair:5   | Found a staircase to the Slime Pits.
 24639 | Lair:6   | Entered Level 6 of the Lair of Beasts
 25656 | Lair:5   | Reached skill level 10 in Transmutations
 28183 | Lair:6   | Reached XP level 15. HP: 107/110 MP: 24/24
 29044 | D:9      | Found a transporter.
 29173 | D:9      | Noticed Dittersdorf's ghost (novice GrFi)
 29184 | D:9      | Noticed Prince Ribbit
 29192 | D:9      | Identified the +9 arbalest "Qili" {flame, Fragile rN+++
                  | Will+ Stlth+}
 29194 | D:9      | Killed Prince Ribbit
 29228 | D:9      | Found a transporter.
 29832 | D:9      | Identified a scroll of acquirement
 29836 | D:9      | Acquired the +3 warlock's mirror {reflect}
 29836 | D:9      | Found the +3 warlock's mirror {reflect}
 30362 | D:9      | Killed Dittersdorf's ghost
 30630 | D:10     | Entered Level 10 of the Dungeon
 31572 | Lair:1   | Acquired a staff of earth
 31596 | Shoals:1 | Entered Level 1 of the Shoals
 31762 | Shoals:1 | HP: 7/143 [satyr/sling bullet (29)]
 31765 | Shoals:1 | Shot with a sling bullet by a satyr

Illustrated notes

Levels and vault maps discovered:
D:1:      dpeg_arrival_central, layout_basic
D:2:      layout_loops_cross, uniq_natasha, uniq_sigmund
D:3:      layout_rooms, chequers_temple_overflow_minitemple,
          dreamdust_ecumenical_altar_angels_and_demons, st_stairs_4,
          nrook_uturn, minmay_increasing_density
D:4:      layout_rooms, mainiacjoe_overflow_paths, temple_green, uniq_eustachio,
          uniq_pikel, uniq_grinder
D:5:      layout_basic, moated_statue
D:6:      layout_rooms
D:7:      layout_gridville, lemuel_round_altar, serial_shops,
          nicolae_stop_n_shop_2, hex_large, hangedman_minor_gate_pass,
          uniq_harold, uniq_menkaure
D:8:      minmay_the_grid_octo_2x2 [minmay_the_grid_octo_vomiting_pacman,
          minmay_the_grid_octo_chip, minmay_the_grid_octo_clover,
          minmay_the_grid_octo_prize_square_snowflake], layout_basic,
          grunt_lair_entry_orc_guard_hut
D:9:      cheibrodos_steamvent, layout_layer_cave, nzn_ghost_randoct,
          uniq_prince_ribbit1
D:10:     layout_basic
Temple:   eino_temple_rhombus
Lair:1:   layout_chaotic_city, cheibrodos_lair_lostbears
Lair:2:   layout_long_grid, minmay_shoals_entry_beasts,
          nicolae_spider_entry_non_spiders
Lair:3:   layout_cave_pods, portal_ice_cave_entry_imps, serial_bayou_crossing,
          lemuel_fruit_tree, uniq_gastronok
Lair:4:   gammafunk_boulding_lane, layout_long_grid
Lair:5:   layout_regular_city, slime_altar_1, chequers_serial_rivers_micro_d,
          minivault_11, kennysheep_abandoned_house, grunt_megastairs_1,
          lemuel_fruit_fields, infiniplex_staircase_pool, serial_bayou_shore_b
Lair:6:   evilmike_catoblepas_cave, layout_cave_pods
Shoals:1: cheibrodos_shoals_epimethial_gifts, layout_shoals,
          nicolae_shoals_water_elemental_grotto

Skill      XL: |  1  2  3  4  5  6  7  8  9 10 11 12 13 14 15 |
---------------+----------------------------------------------+-----
Fighting       | 2 3 4 5 6 7 9 10 12 13 | 13.0
Transmutations | 3 5 6 9 11 12 | 12.8
Poison Magic   | 2 3 6 |  6.0
Stealth        | 3 4 5 |  5.0
Unarmed Combat | 4 5 6 8 10 12 13 | 13.0
Dodging        | 3 5 |  5.0
Spellcasting   | 3 4 6 7 |  7.7
Ice Magic      | 4 |  4.0
Shields        | 4 |  4.0
Conjurations   | 2 |  2.0
Air Magic      | 2 |  2.0
Earth Magic    | 3 8 |  8.0

Action                   |  1- 3 |  4- 6 |  7- 9 | 10-12 | 13-15 || total
-------------------------+-------+-------+-------+-------+-------++-------
Melee: Unarmed           |    78 |    86 |   176 |   394 |   820 ||  1554
       Constrict         |    17 |     1 |       |     7 |    11 ||    36
       Kick              |    14 |     1 |       |     2 |       ||    17
       Tentacles         |     6 |     1 |       |     6 |    24 ||    37
       Punch             |     1 |       |       |       |     7 ||     8
       Rapier            |       |       |       |    31 |       ||    31
       Staff             |       |       |       |       |     1 ||     1
 Fire: Hand crossbow     |       |       |       |       |     3 ||     3
 Cast: Beastly Appendage |    20 |     1 |     1 |     2 |       ||    24
       Spider Form       |     3 |    25 |    32 |     5 |       ||    65
       Ice Form          |       |       |     4 |    47 |    80 ||   131
       Mephitic Cloud    |       |       |       |     9 |       ||     9
       Ignite Poison     |       |       |       |     8 |       ||     8
       Statue Form       |       |       |       |       |    14 ||    14
 Abil: End Transformatio |       |       |       |       |     2 ||     2
  Use: Scroll            |       |       |     6 |    11 |    19 ||    36
       Potion            |       |       |       |     3 |     8 ||    11
 Stab: Sleeping          |     3 |     5 |    14 |    11 |     7 ||    40
       Distracted        |       |       |       |     4 |     4 ||     8
       Invisible         |       |       |       |       |     6 ||     6
Armor: Skin              |     8 |     1 |     6 |    54 |   168 ||   237
Dodge: Dodged            |    41 |    53 |   114 |   207 |   405 ||   820
Block: Other             |       |       |       |    49 |   108 ||   157
       Buckler           |       |       |       |    15 |    89 ||   104
       Reflection        |       |       |       |     2 |    10 ||    12

Table legend: (Time is in decaauts)
 A = Elapsed time spent in this place.
 B = Non-inter-level travel time spent in this place.
 C = Inter-level travel time spent in this place.
 D = Time resting spent in this place.
 E = Time spent auto-exploring this place.
 F = Levels seen in this place.
 G = Mean time per level.
                   A        B        C        D        E       F      G
               +--------+--------+--------+--------+--------+-----+--------+
         Total |  31888 |  29324 |   2564 |  11874 |   9050 |  19 | 1678.3 |
       Dungeon |  15643 |  14416 |   1227 |   5184 |   5104 |  10 | 1564.3 |
        Temple |    198 |    188 |     10 |      0 |    137 |   1 |  198.0 |
          Lair |  13116 |  11790 |   1326 |   4763 |   3765 |   6 | 2186.0 |
        Shoals |    179 |    179 |      0 |      0 |      0 |   1 |  179.0 |
      Ice Cave |   2750 |   2750 |      0 |   1926 |     44 |   1 | 2750.0 |
               +--------+--------+--------+--------+--------+-----+--------+

Top non-repeatable levels by time:
  Lair:5: 2815 daAuts
     D:8: 2766 daAuts
   IceCv: 2750 daAuts
  Lair:2: 2375 daAuts
  Lair:1: 2038 daAuts
  Lair:6: 2031 daAuts
  Lair:3: 1982 daAuts
  Lair:4: 1872 daAuts
     D:1: 1825 daAuts
     D:9: 1652 daAuts
     D:5: 1572 daAuts
     D:2: 1530 daAuts
     D:7: 1525 daAuts
     D:4: 1440 daAuts
     D:3: 1207 daAuts
